 Dungeon Crawl Stone Soup version 0.17.0-24-gcfadda4 (console) character file.

99 gw the Shooter (level 4, -4/27 HPs)
             Began as a Tengu Hunter on Nov 15, 2015.
             Was an Initiate of Ru.
             Slain by gw's ghost (7 damage)
             ... on level 3 of the Dungeon.
             The game lasted 00:01:14 (2095 turns).

gw the Shooter (Tengu Hunter)                       Turns: 2095, Time: 00:01:15

Health: -4/27      AC:  3    Str: 12    XL:     4   Next: 72%
Magic:  5/5        EV: 13    Int: 11    God:    Ru [......]
Gold:   99         SH:  0    Dex: 16    Spells: 0 memorised, 3 levels left

rFire  . . .     SeeInvis .     a - +1 shortbow
rCold  . . .     Clarity  .     d - +0 leather armour
rNeg   . . .     SustAt   .     (shield currently unavailable)
rPois  .         Gourm    .     (helmet restricted)
rElec  .         Spirit   .     (no cloak)
rCorr  .         Warding  .     (no gloves)
rMut   .         Rnd*Tele +     (boots unavailable)
MR     .....                    (no amulet)
Stlth  ++........               (no ring)
                                f - ring of teleportation (curse)

@: not resistant to hostile enchantments, unstealthy
A: beak, talons 3
a: Renounce Religion, Evoke Teleportation


You were on level 3 of the Dungeon.
You worshipped Ru.
Ru was noncommittal.
You were hungry.

You visited 1 branch of the dungeon, and saw 3 of its levels.

You collected 99 gold pieces.

Inventory:

Hand Weapons
 a - a +1 shortbow (weapon)
 b - a +0 whip
Missiles
 l - 36 arrows (quivered)
Armour
 d - a +0 leather armour (worn)
Jewellery
 f - a cursed ring of teleportation (left hand)
Scrolls
 c - a scroll of fog {unknown}
 g - a scroll of teleportation {unknown}
 h - a scroll of amnesia
Potions
 i - a potion of lignification
 j - a potion of poison {unknown}
Comestibles
 e - 2 bread rations


   Skills:
 + Level 2.9 Fighting
 + Level 0.4 Maces & Flails
 * Level 5.4 Bows
 + Level 3.1 Dodging
 - Level 1.0 Stealth


You had 3 spell levels left.
You didn't know any spells.

Dungeon Overview and Level Annotations

Branches:
Dungeon (3/15)

Altars:
Ru

Annotations:
D:3 gw's ghost, amateur DDHu


Innate Abilities, Weirdness & Mutations

You have a beak for a mouth.
You have claws for feet.


Message History

Gw's ghost effortlessly reloads its weapon.
Gw's ghost hits you.
Trying to move but square is occupied??
Making a random move You hear the slow rusting of a very distant drain.
Gw's ghost closely misses you.
Trying to move but square is occupied??
Making a random move Trying to move but square is occupied??
Making a random move Trying to move but square is occupied??
Making a random move Trying to move but square is occupied??
Making a random move Gw's ghost hits you!
MOVING TO (4,-1) Gw's ghost whispers, "Everlasting silence awaits you..."
MOVING TO (3,-2) Gw's ghost hits you!
You die...

... ##.####.. ..# .......
.. ...[###.. #.#
##........ ## #.. #..# #.
#.##########.## #.###
#............# ##...###
#..W.....##### ##..<...##
#...Q.)..# #........##
#.....(..# ..........#
#........#
..........###........##
......................##
..........###.[.....(.....
..........# #........#####
..........# #........#
#........## ##########


You could see gw's ghost.

Table legend:
 A = Turns spent in this place as a percentage of turns spent in the entire game.
 B = Non-inter-level travel turns spent in this place as a percentage of non-inter-level travel turns spent in the entire game.
 C = Inter-level travel turns spent in this place as a percentage of turns spent in this place.
 D = Turns resting spent in this place as a percentage of non-inter-level travel turns spent in this place.
 E = Turns spent auto-exploring this place as a percentage of non-inter-level travel turns spent in this place.
 F = Non-inter-level travel turns spent in this place divided by the number of levels of this place that you've seen.
                   A       B       C       D       E      F
               +-------+-------+-------+-------+-------+----------------------
         Total | 100.0 | 100.0 |   0.3 |   0.8 |   2.4 | 949.3
       Dungeon | 100.0 | 100.0 |   0.3 |   0.8 |   2.4 | 949.3
               +-------+-------+-------+-------+-------+----------------------

Table legend:
 A = Kills in this place as a percentage of kills in entire the game.
 B = Kills by you in this place as a percentage of kills by you in the entire game.
 C = Kills by friends in this place as a percentage of kills by friends in the entire game.
 D = Other kills in this place as a percentage of other kills in the entire game.
 E = Experience gained in this place as a percentage of experience gained in the entire game.
 F = Experience gained in this place divided by the number of levels of this place that you have seen.
                   A       B       C       D       E      F
               +-------+-------+-------+-------+-------+----------------------
         Total | 100.0 | 100.0 |  -nan |  -nan | 100.0 |  47.3
       Dungeon | 100.0 | 100.0 |  -nan |  -nan | 100.0 |  47.3
               +-------+-------+-------+-------+-------+----------------------

Vanquished Creatures
  An orc wizard (D:2)
  3 adders (D:2)
  An ooze (D:3)
  A worm (D:2)
  5 bats
  4 giant cockroaches
  4 hobgoblins
  3 jackals (D:2)
  A quokka (D:2)
  A giant newt (D:2)
  8 goblins
  5 kobolds
  3 rats (D:2)
40 creatures vanquished.

Notes
Turn   | Place    | Note
--------------------------------------------------------------
     0 | D:1      | gw the Tengu Hunter began the quest for the Orb.
     0 | D:1      | Reached XP level 1. HP: 12/12 MP: 2/2
   410 | D:1      | Reached XP level 2. HP: 17/17 MP: 3/3
   606 | D:1      | You fall through a shaft!
   611 | D:2      | Found a sacrificial altar of Ru.
   622 | D:2      | Reached skill level 5 in Bows
   622 | D:2      | Reached XP level 3. HP: 12/22 MP: 4/4
   765 | D:2      | Became a worshipper of Ru the Awakened
   815 | D:2      | Reached XP level 4. HP: 27/27 MP: 5/5
  2078 | D:3      | Noticed gw's ghost (amateur DDHu)
  2095 | D:3      | Slain by gw's ghost

Action                   |  1- 3 |  4- 6 || total
-------------------------+-------+-------++-------
Melee: Short sword       |    34 |    13 ||    47
       Whip              |       |    22 ||    22
 Fire: Shortbow          |    18 |    34 ||    52
  Use: Potion            |       |     4 ||     4
       Scroll            |       |     3 ||     3
 Stab: Paralysed         |     1 |       ||     1
  Eat: Chunk             |       |     3 ||     3

Vault maps used:
D:1:      dpeg_arrival_rhombi, item_on_display_a
D:2:      nicolae_ru_great_annihilating_truth, st_stairs_11
D:3:      portal_sewer_entry_e, cheibriados_altar_wand_db, uniq_grinder
